Unix NetHack Version 5.0.0-0 post-release - last build May 10 2026 23:12:36 (d1fa5d53e341ca933230fdaa984d921c805b60aa,branch:main).

Game began 2026-05-16 06:27:34, ended 2026-05-16 06:34:25.

ArrBianca, neutral female human Priestess

                        ----
                        |..--
              |..|.    --...|
             --......---....
            -|............-
     --......#...........--
   ---..........(.).....--
   |................--..|           -
   |...............------           .|
    --...........---               -G----
     ---..|..--.--            --- --@....
          |.----      ---------..........
          |.|..-- |   |..|..........)....
          #.....---...|.....-----....----
          #%|...........-..-    --...|
  ----   --%|...---...-...-      |..--
  |...----.....-- |    -..|      ----
  --.......<...|        ..|
   ---...-------        ---
      -

ArrBianca the Acolyte        St:11 Dx:12 Co:10 In:15 Wi:18 Ch:9  Neutral
Dlvl:3  $:14 HP:0(28) Pw:45(70) AC:6  Xp:4 T:841  Burdened

Latest messages:
 The gnome zombie misses!
 You destroy the gnome zombie!
 A lit field surrounds you!
 A lit field surrounds you!
 A lit field surrounds you!
 The gnome throws a dagger!
 You are hit by a dagger.
 You miss the gnome.
 The gnome hits!
 You kill the gnome!
 There are several objects here.
 You have a little trouble lifting y - a hooded cloak.
 z - a hooded cloak.
 What do you want to drop? [$a-nq-su-z or ?*] y
 You drop a hooded cloak.
 What do you want to drop? [$a-nq-su-xz or ?*] z
 You drop a hooded cloak.
 The gnome picks up a hooded cloak.
 The gnome puts on a hooded cloak.
 The gnome picks up a hooded cloak.
 The gnome picks up a gray stone.
 The gnome picks up 2 black gems.
 The gnome picks up an iron skull cap.
 The gnome puts on an iron skull cap.
 You miss the gnome.
 You kill the gnome!
 You see here a dwarf corpse.
 You see here a partly eaten gnome corpse.
 A lit field surrounds you!
 A lit field surrounds you!
 An arrow misses you.
 The gnome lord shoots an arrow!
 You are hit by an arrow.
 A lit field surrounds you!
 You kill the gnome!
 You kill the gnome!
 You hit the gnome lord.
 The gnome lord swings his bow.
 The gnome lord hits!
 You miss the gnome lord.
 The gnome lord swings his bow.
 The gnome lord hits!
 The gnome lord swings his bow.
 The gnome lord hits!
 You miss the gnome lord.
 You hit the gnome lord.
 The gnome lord swings his bow.
 The gnome lord hits!
 You die...
 Do you want an account of creatures vanquished? [ynaq] (y) q

Inventory:
 Coins    ('$')
  $ - 14 gold pieces
 Weapons  (')')
  v - 5 +0 crossbow bolts
  w - a blessed +0 crossbow
  j - 10 +0 darts
  a - a blessed +1 mace (weapon in right hand)
 Armor    ('[')
  q - a +0 orcish helm (being worn)
  c - a +0 small shield (being worn)
  b - a +0 robe (being worn)
 Comestibles  ('%')
  e - a clove of garlic
  r - 2 food rations
  f - a sprig of wolfsbane
 Scrolls  ('?')
  u - a cursed scroll of create monster
 Spellbooks  ('+')
  h - a spellbook of healing
  k - a spellbook of healing
  g - a spellbook of light
 Potions  ('!')
  m - a potion of oil
  d - 4 potions of holy water
 Tools    ('(')
  i - a magic marker (0:22)
  x - a +0 pick-axe
 Gems/Stones  ('*')
  s - an amethyst stone
  n - a worthless piece of green glass
  l - 10 rocks

ArrBianca the Priestess's attributes:

Background:
 You were an Acolyte, a level 4 human Priestess.
 You were neutral, on a mission for Odin
 who was opposed by Tyr (lawful) and Loki (chaotic).
 You were right-handed.
 You were in the Gnomish Mines, on level 3.
 You entered the dungeon 841 turns ago.
 There was a new moon in effect when your adventure ended.
 You had 110 experience points, 50 more were needed to attain level 5.

Basics:
 You had 0 out of 28 hit points.
 You had 45 out of 70 energy points (spell power).
 Your armor class was 6.
 Your wallet contained 14 zorkmids.
 Autopickup was on for '$?!/="+%' plus thrown, with exceptions.

Final Characteristics:
 Your strength was 11 (limit:18/100).
 Your dexterity was 12 (limit:18).
 Your constitution was 10 (limit:18).
 Your intelligence was 15 (limit:18).
 Your wisdom was 18 (limit:18).
 Your charisma was 9 (limit:18).

Final Status:
 You weren't hungry.
 You were burdened; movement was slightly slowed.
 You were wielding a mace.
 You had basic skill with mace.

Final Attributes:
 You were devoutly aligned.
 You were guarded.
 Your spell casting was enhanced by wearing a robe.
 You are dead.

Miscellaneous:
 You didn't encounter any bones levels.
 Total elapsed playing time was 6 minutes and 51 seconds.

Major events:
 Turn
    1: ArrBianca the neutral human Priestess entered the dungeon
  581: entered the Gnomish Mines
  584: attained the rank of Acolyte (level 3)
  841: killed by a gnome lord

Spells:
 Name                 Level Category     Fail Retention
 light                  1   clerical       0%  91%-100%
 healing                1   healing        0%  76%-100%

Skills:
 Fighting Skills
   bare handed combat [Unskilled]
 Weapon Skills
   club               [Unskilled]
   mace               [Basic]
   morning star       [Unskilled]
   flail              [Unskilled]
   hammer             [Unskilled]
   quarterstaff       [Unskilled]
   polearms           [Unskilled]
   spear              [Unskilled]
   trident            [Unskilled]
   lance              [Unskilled]
   bow                [Unskilled]
   sling              [Unskilled]
   crossbow           [Unskilled]
   dart               [Unskilled]
   shuriken           [Unskilled]
   boomerang          [Unskilled]
   unicorn horn       [Unskilled]
 Spellcasting Skills
   healing spells     [Unskilled]
   divination spells  [Unskilled]
   clerical spells    [Basic]

Voluntary challenges:
 Character rerolling was not enabled.
 You were an atheist.
 You never had a pet.
 You never genocided any monsters.
 You never polymorphed an object.
 You never changed form.
 You used no wishes.
Achievements:
 You entered the Gnomish Mines.
 You attained the rank of Acolyte.

 The Dungeons of Doom: levels 1 to 2
    Level 1:
       A grave.
    Level 2:
       A fountain.
       Stairs down to The Gnomish Mines.
 The Gnomish Mines:
    Level 3: <- You were here.
       Final resting place for
          you, killed by a gnome lord.


Vanquished creatures:
  2 dwarves
  9 gnomes
  a gnome zombie
  a gecko
  4 jackals
  a kobold
  3 goblins
  a sewer rat
  3 grid bugs
  a newt
26 creatures vanquished.

No species were genocided or became extinct.

Game over:
                       ----------
                      /          \
                     /    REST    \
                    /      IN      \
                   /     PEACE      \
                  /                  \
                  |    ArrBianca     |
                  |      14 Au       |
                  |   killed by a    |
                  |    gnome lord    |
                  |                  |
                  |                  |
                  |       2026       |
                 *|     *  *  *      | *
        _________)/\\_//(\/(/\)/\//\/|_)_______

Goodbye ArrBianca the Priestess...

You died in The Gnomish Mines on dungeon level 3 with 573 points,
and 14 pieces of gold, after 841 moves.
You were level 4 with a maximum of 28 hit points when you died.

